 Dungeon Crawl Stone Soup version 0.23.2-1-ga50397a (webtiles) character file.

Game seed: 5321019377311216307

118 vlazyslath the Purveyor of Pain (level 4, -7/30 HPs)
             Began as a Vampire Necromancer on May 8, 2019.
             Was an Initiate of Kikubaaqudgha.
             Mangled by a gnoll (9 damage)
             ... on level 3 of the Dungeon.
             The game lasted 00:17:01 (1944 turns).

vlazyslath the Purveyor of Pain (VpNe)              Turns: 1944, Time: 00:17:02

Health: -7/30      AC:  3    Str:  7    XL:     4   Next: 72%
Magic:  2/8        EV: 12    Int: 18    God:    Kikubaaqudgha [......]
Gold:   78         SH:  0    Dex: 14    Spells: 3/9 levels left

rFire    . . .     SeeInvis +   m - +0 rapier
rCold    . . .     Gourm    .   (no shield)
rNeg     + . .     Faith    .   a - +0 robe
rPois    .         Spirit   .   (no helmet)
rElec    .         Reflect  .   (no cloak)
rCorr    .         Harm     .   (no gloves)
MR       .....                  n - +0 pair of boots
Stlth    ++........             (no amulet)
HPRegen  0.10/turn              (no ring)
MPRegen  0.11/turn              (no ring)

@: lethally poisoned (-7 -> -12), hasted, very quick
A: fangs 3, see invisible, unbreathing
a: Bat Form, Renounce Religion


You were on level 3 of the Dungeon.
You worshipped Kikubaaqudgha.
Kikubaaqudgha was noncommittal.
You were not thirsty.

You visited 2 branches of the dungeon, and saw 5 of its levels.

You collected 78 gold pieces.

Inventory:

Hand Weapons
 m - a +0 rapier (weapon)
Armour
 a - a +0 robe (worn)
 n - a +0 pair of boots (worn)
Jewellery
 l - an uncursed amulet of faith {unknown}
Scrolls
 e - a scroll of teleportation {unknown}
 g - a scroll of remove curse {unknown}
 i - a scroll of magic mapping {unknown}
 k - 2 scrolls of identify {unknown}
Potions
 b - a potion of curing {unknown}
 c - 9 potions of blood
 d - a potion of ambrosia {unknown}
 f - a potion of lignification {unknown}
 j - 2 potions of heal wounds {unknown}


   Skills:
 - Level 2.1 Dodging
 - Level 3.0 Stealth
 - Level 3.0 Spellcasting
 + Level 6.2 Necromancy


You had 3 spell levels left.
You knew the following spells:

 Your Spells              Type           Power        Failure   Level  Hunger
a - Pain                  Necr           ####         1%          1    None
b - Animate Skeleton      Necr           N/A          1%          1    None
c - Animate Dead          Necr           N/A          13%         4    ####...

Your spell library contained the following spells:

 Spells                   Type           Power        Failure   Level  Hunger
 Vampiric Draining        Necr           ####......   3%          3    ###....
 Regeneration             Chrm/Necr      ##........   14%         3    ###....


Dungeon Overview and Level Annotations

Branches:
Dungeon (4/15)             Temple (1/1) D:4

Altars:
Ashenzari
Dithmenos
Elyvilon
Fedhas
Hepliaklqana
Kikubaaqudgha
Makhleb
Nemelex Xobeh
Okawaru
Qazlal
Ru
Sif Muna
Trog
Vehumet
Wu Jian
Xom
Yredelemnul
Zin
The Shining One


Innate Abilities, Weirdness & Mutations

You have razor-sharp teeth.
You have supernaturally acute eyesight. (SInv)
You can survive without breathing.


Message History

The crimson imp blinks!
There is a stone staircase leading up here.
The gnoll barely misses you.
Your magical contamination has completely faded away.
The gnoll misses you. The gnoll hits you with a +0 club.
* * * LOW HITPOINT WARNING * * *
The gnoll hits you but does no damage. The gnoll closely misses you.
The adder bites you.
* * * LOW HITPOINT WARNING * * *
You are lethally poisoned!
The adder poisons you!
* * * LOW HITPOINT WARNING * * *
You feel sick.
The orc shouts!
The gnoll barely misses you.
It was a potion of haste.
You feel yourself speed up. The gnoll hits you but does no damage.
The adder bites you but does no damage. The gnoll hits you!
You die...
Kikubaaqudgha rasps: "You have failed me!
Welcome... oblivion!"

...................>.
#.##.[..............
#...................
..#####...o........(.....
......#...[.....†......5.
#..†.........$.......
##...[..........#....
##....5..).....####.
#.@.)........##
#Sgg........##
#.g..<..##### #.......#
#.......# #########


You could see 3 gnolls, a crimson imp, an adder and an orc.

Vanquished Creatures
  A gnoll (D:1)
  5 adders
  A dart slug (D:2)
  A leopard gecko (D:2)
  2 orcs (D:3)
  4 giant cockroaches
  8 hobgoblins
  5 jackals
  8 bats (D:1)
  2 frilled lizards (D:1)
  4 goblins
  4 kobolds
  6 rats
51 creatures vanquished.

Vanquished Creatures (collateral kills)
  2 orcs (D:2)
  A bat (D:1)
  A jackal (D:1)
  A frilled lizard (D:1)
5 creatures vanquished.

Grand Total: 56 creatures vanquished

Notes
Turn   | Place    | Note
-------+----------+-------------------------------------------
     0 | D:1      | vlazyslath the Vampire Necromancer began the quest for the
                  | Orb.
     0 | D:1      | Reached XP level 1. HP: 13/13 MP: 3/3
     2 | D:1      | Learned a level 1 spell: Animate Skeleton
   204 | D:1      | Reached XP level 2. HP: 3/19 MP: 0/5
   393 | D:1      | Reached skill level 5 in Necromancy
   506 | D:2      | Found a deep blue altar of Sif Muna.
   604 | D:1      | Reached XP level 3. HP: 21/24 MP: 3/6
   659 | D:1      | You are sucked into a shaft!
   734 | D:4      | Found a basalt altar of Yredelemnul.
   761 | D:4      | Found a staircase to the Ecumenical Temple.
   767 | Temple   | Entered the Ecumenical Temple
   846 | Temple   | Became a worshipper of Kikubaaqudgha
  1418 | D:2      | Reached XP level 4. HP: 24/30 MP: 0/8
  1651 | D:2      | Learned a level 4 spell: Animate Dead
  1774 | D:2      | Reached skill level 6 in Necromancy
  1943 | D:3      | HP: 1/30 [poisoned by an adder]
  1944 | D:3      | Mangled by a gnoll

Skill      XL: |  1  2  3  4 |
---------------+-------------+-----
Necromancy     | 5 6 |  6.2
Spellcasting   | 3 |  3.0
Dodging        | |  2.1
Stealth        | |  3.0

Action                   |  1- 3 |  4- 6 || total
-------------------------+-------+-------++-------
Melee: Unarmed           |    10 |     1 ||    11
       Bite              |     1 |       ||     1
       Rapier            |       |    11 ||    11
 Cast: Pain              |    68 |    28 ||    96
       Animate Skeleton  |     5 |     2 ||     7
       Animate Dead      |       |     1 ||     1
 Abil: End Transformatio |     2 |       ||     2
       Bat Form          |     2 |       ||     2
  Use: Potion            |     4 |     1 ||     5
Armor: Robe              |    10 |     8 ||    18
Dodge: Dodged            |    29 |    11 ||    40
